 Dungeon Crawl Stone Soup version 0.29.0-11-gd7f09526c8 (webtiles) character file.

Game seed: 7267816275833533402

151 iguanaiguana the Covered (level 5, -2/47 HPs)
             Began as a Minotaur Fighter on Sept 6, 2022.
             Killed by divine providence
             ... invoked by an orc priest
              (11 damage)
             ... on level 3 of the Dungeon.
             The game lasted 00:01:23 (2441 turns).

iguanaiguana the Covered (Minotaur Fighter)         Turns: 2441, Time: 00:01:23

Health: -2/47      AC:  8    Str: 22    XL:     5   Next: 11%
Magic:  4/4        EV:  9    Int:  5    God:
Gold:   103        SH:  5    Dex: 16    Spells: 4/4 levels left

rFire   . . .      SeeInvis .   a - +0 war axe
rCold   . . .      Faith    .   c - +0 buckler
rNeg    . . .      Spirit   .   b - +0 scale mail
rPois   .          Reflect  .   (helmet restricted)
rElec   .          Harm     .   (no cloak)
rCorr   .          Rampage  .   (no gloves)
Will    .....                   q - +0 pair of boots
Stlth   ..........              (no amulet)
HPRegen 0.15/turn               g - +6 ring of dexterity
MPRegen 0.09/turn               (no ring)

@: mighty
A: horns 2, retaliatory headbutt
a: no special abilities


You were on level 3 of the Dungeon.
You visited 1 branch of the dungeon, and saw 3 of its levels.

You collected 103 gold pieces.

Inventory:

Hand Weapons
 a - a +0 war axe (weapon)
 j - a +0 spear of venom
Missiles
 u - 6 boomerangs (quivered)
Armour
 b - a +0 scale mail (worn)
 c - a +0 buckler (worn)
 q - a +0 pair of boots (worn)
Jewellery
 g - a +6 ring of dexterity (left hand)
 w - a ring of positive energy
 x - a +6 ring of strength
Scrolls
 e - 3 scrolls of enchant armour {unknown}
 i - a scroll of fear {unknown}
 k - a scroll of poison {unknown}
 l - 4 scrolls of identify {unknown}
 p - 3 scrolls of butterflies {unknown}
 r - a scroll of vulnerability {unknown}
 s - a scroll of teleportation {unknown}
Potions
 d - a potion of might {@q3}
 f - a potion of haste {unknown}
 h - 2 potions of heal wounds {unknown}
 m - a potion of invisibility {unknown}
 n - a potion of brilliance {unknown}
 o - a potion of magic {unknown}
 t - 2 potions of curing {unknown}
 v - a potion of flight {unknown}


   Skills:
 + Level 4.4 Fighting
 * Level 4.5 Axes
 + Level 4.5 Armour
 + Level 4.4 Shields


You had 4 spell levels left.
You didn't know any spells.
Your spell library was empty.

Dungeon Overview and Level Annotations

Branches:
Dungeon (3/15) Zot: 15507

Altars:


Innate Abilities, Weirdness & Mutations

You have a pair of horns on your head.
You reflexively headbutt those who attack you in melee.


Message History

You hit something. You miss something.
You hear some strange, mumbled words.
A puff of flame appears from out of thin air!
The puff of flame hits you.
* * * LOW HITPOINT WARNING * * *
Something hits you.
* * * LOW HITPOINT WARNING * * *
You closely miss something. Something hits you.
* * * LOW HITPOINT WARNING * * *
The orc priest mumbles some strange prayers to Beogh against you.
You hit something. You hit something but do no damage. Something hits you.
* * * LOW HITPOINT WARNING * * *
You slash something!
You hear some strange, mumbled words.
You are confused.
The orc priest calls down the wrath of Beogh upon you.
You hit something but do no damage.
You feel very mighty all of a sudden.
You bump into the rock wall.
You hear some strange, mumbled words.
Something tries to affect you, but you resist.
You closely miss something. Something hits you.
* * * LOW HITPOINT WARNING * * *
Something hits you.
* * * LOW HITPOINT WARNING * * *
You bump into the rock wall.
You bump into the rock wall.
Something hits you.
* * * LOW HITPOINT WARNING * * *
You bump into the rock wall.
You feel less confused. Something hits you.
* * * LOW HITPOINT WARNING * * *
You slash something!
Reactivating autopickup.
You feel a bit more experienced.
The orc priest mumbles some strange prayers to Beogh against you.
Beogh smites you!
You die...

##.#### ..#... #(...##
#.#.... ## #.#....
#+###>#### ###'#.#.#
.......$.# #........
......)..##########.....#.#
.$......o)@.............'..
.........########.......#.#
....!....# #.#.....#.#
.........# #.#.).....#
.........# #.#####.###
....[....# #.# #.#
#####+#### #.# #.# #.# #.#
# #. #.# #


You could see an orc priest.

Vanquished Creatures
  2 orc wizards (D:3)
  4 adders (D:2)
  2 worms (D:2)
  2 dart slugs (D:1)
  6 orcs (D:3)
  3 ball pythons
  5 bats
  5 endoplasms
  2 giant cockroaches (D:3)
  10 hobgoblins
  3 jackals (D:2)
  8 kobolds
  2 quokkas
  5 frilled lizards
  9 goblins
  3 rats
71 creatures vanquished.

Notes
Turn   | Place    | Note
-------+----------+-------------------------------------------
     0 | D:1      | iguanaiguana the Minotaur Fighter began the quest for the
                  | Orb.
     0 | D:1      | Reached XP level 1. HP: 19/19 MP: 0/0
   142 | D:1      | Reached XP level 2. HP: 22/27 MP: 1/1
   736 | D:1      | Reached XP level 3. HP: 30/33 MP: 2/2
   936 | D:1      | Found a faded altar of an unknown god.
  1474 | D:2      | Reached XP level 4. HP: 30/40 MP: 3/3
  2370 | D:3      | Reached XP level 5. HP: 44/47 MP: 4/4
  2441 | D:3      | Killed from afar by an orc priest

Illustrated notes

Levels and vault maps discovered:
D:1:      scummos_arrival_simple_crosswalls, layout_basic,
          shapermc_ecumenical_altar_mp_vishouse
D:2:      layout_loops_corners
D:3:      layout_basic, worldfamousw_hep_ancestral_shrine,
          corexii_item_surrounded_by_moat

Skill      XL: |  1  2  3  4 |
---------------+-------------+-----
Axes           | 3 4 |  4.5
Armour         | 4 |  4.5
Fighting       | 4 |  4.4
Shields        | 4 |  4.4

Action                   |  1- 3 |  4- 6 || total
-------------------------+-------+-------++-------
Melee: War axe           |    74 |    68 ||   142
       Headbutt          |    11 |    10 ||    21
  Use: Potion            |       |     1 ||     1
Armor: Scale mail        |    40 |    35 ||    75
Dodge: Dodged            |    29 |    25 ||    54
Block: Buckler           |    21 |    15 ||    36
